 Dungeon Crawl Stone Soup version 0.30-a0-509-gd016549fea (webtiles) character file.

Game seed: 12264392571744739463

11392 kae the Destroyer (level 11, -2/64 HPs)
             Began as a Tengu Fire Elementalist on Dec 22, 2022.
             Was a Priest of Vehumet.
             Slain by a boulder beetle (40 damage)
             ... on level 11 of the Dungeon.
             The game lasted 00:15:22 (11462 turns).

kae the Destroyer (Tengu Fire Elementalist)        Turns: 11462, Time: 00:15:23

Health: -2/64      AC: 12    Str:  9    XL:     11   Next: 77%
Magic:  22/22      EV: 16    Int: 33    God:    Vehumet [***...]
Gold:   1209       SH:  0    Dex: 15    Spells: 11/24 levels left

rFire   + . .      SeeInvis .    K - staff of fire {!a}
rCold   . . .      Faith    .    (no shield)
rNeg    . . .      Spirit   .    m - +4 robe of Folly {Brilliance Will-∞ Int+8}
rPois   .          Reflect  .    (helmet restricted)
rElec   .          Harm     .    j - +1 cloak
rCorr   .          Rampage  .    (no gloves)
Will    .....                    (boots unavailable)
Stlth   ++........               A - amulet of the acrobat
HPRegen 0.30/turn                I - +6 ring of intelligence
MPRegen 0.18/turn                O - +4 ring of protection

@: flying quickly and evasively, quick
A: beak, talons 3, nimble flight
a: Renounce Religion


You were on level 11 of the Dungeon.
You worshipped Vehumet.
Vehumet was most pleased with you.
You visited 2 branches of the dungeon, and saw 12 of its levels.
You also visited: Bailey.

You collected 2051 gold pieces.
You spent 842 gold pieces at shops.


Innate Abilities, Weirdness & Mutations

You have a beak for a mouth.
You have claws for feet.
Your magical nature lets you fly swiftly and evasively.


   Skills:
 + Level 6.0 Fighting
 - Level 4.8 Axes
 * Level 0.9 Staves
 + Level 3.3 Armour
 + Level 4.2 Dodging
 - Level 2.0 Stealth
 - Level 7.1 Spellcasting
 - Level 13.7 Conjurations
 - Level 12.2 Fire Magic
 + Level 3.0 Evocations


You had 11 spell levels left.
You knew the following spells:

 Your Spells              Type           Power      Damage    Failure   Level
a - Foxfire               Conj/Fire      100%       2x1d9     0%          1
b - Scorch                Fire           100%       2d10      1%          2
c - Inner Flame           Hex/Fire       87%        N/A       1%          3
d - Flame Wave            Conj/Fire      100%       2d21      1%          4
e - Kindle Blastsparks    Fire/Tloc/Air  100%       2d18      1%          3

Your spell library contained the following spells:

 Spells                   Type           Power      Damage    Failure   Level
 Fulminant Prism          Conj/Hex       36%        3d17      1%          4
 Lightning Bolt           Conj/Air       36%        1d54      1%          5
 Apportation              Tloc           34%        N/A       3%          1
 Airstrike                Air            8%         2d(2-18)  11%         4
 Summon Lightning Spire   Summ/Air       17%        N/A       36%         4
 Alistair's Intoxication  Tmut/Pois      11%        N/A       71%         5

Inventory:

Hand Weapons
 g - a +0 vorpal whip
   (You found it on level 1 of the Dungeon)
 r - a +1 hand axe of electrocution
   (You took it off a goblin on level 2 of the Dungeon)
Missiles
 h - 128 stones
 q - 3 silver javelins
 s - 8 boomerangs
 F - 35 poisoned darts
 H - 6 curare-tipped darts {=f}
Armour
 a - a +0 robe
 j - a +1 cloak (worn)
   (You found it on level 1 of the Dungeon)
 m - the +4 robe of Folly (worn) {Brilliance Will-∞ Int+8}
   (You bought it in a shop on level 7 of the Dungeon)

   It increases the power of your magical spells.
   It halves the magic cost of your spells (rounding up).
   It reduces your willpower to zero.
   Int:       It affects your intelligence (+8).
 U - the +1 cloak of Paranoia {Harm rPois Str-4 Dex+2 Stlth+}
   (You found it on level 9 of the Dungeon)

   Str:       It affects your strength (-4).
   Dex:       It affects your dexterity (+2).
   rPois:     It protects you from poison.
   Harm:      It increases damage dealt and taken.
   Stlth:     It makes you more stealthy.
Magical Staves
 K - a staff of fire (weapon) {!a}
   (You acquired it on level 8 of the Dungeon)
 Q - a staff of death {!a}
   (You found it on level 9 of the Dungeon)
Jewellery
 o - a +4 ring of protection
   (You found it on level 5 of the Dungeon)
 A - an amulet of the acrobat (around neck)
   (You found it on level 7 of the Dungeon)
 G - an amulet of guardian spirit
   (You found it on level 6 of the Dungeon)
 I - a +6 ring of intelligence (left hand)
   (You found it on level 2 of the Dungeon)
 L - a ring of flight
   (You found it on level 4 of the Dungeon)
 O - a +4 ring of protection (right hand)
   (You found it on level 3 of the Dungeon)
 R - a ring of resist corrosion
   (You found it on level 8 of the Dungeon)
 V - a ring of willpower
   (You found it on level 9 of the Dungeon)
 W - a ring of magical power
   (You found it on level 5 of the Dungeon)
Wands
 u - a wand of paralysis (18)
   (You found it on level 2 of the Dungeon)
 x - a wand of roots (13)
   (You found it on level 6 of the Dungeon)
 y - a wand of digging (10)
   (You found it on level 6 of the Dungeon)
 B - a wand of flame (70)
   (You took it off a hobgoblin on level 6 of the Dungeon)
 X - a wand of quicksilver (1)
   (You found it on level 10 of the Dungeon)
Scrolls
 f - a scroll of brand weapon
 i - 4 scrolls of immolation {!r!r}
 n - 5 scrolls of blinking {!r}
 w - 2 scrolls of fog
 z - 5 scrolls of teleportation {@r4}
 D - a scroll of torment {!r}
 J - 2 scrolls of poison {!r}
 M - a scroll of summoning
 S - a scroll of magic mapping {!r}
 Y - 2 scrolls of identify {@r1}
Potions
 b - 2 potions of magic
 c - 5 potions of heal wounds {@q2}
 d - 3 potions of berserk rage {!q}
 e - 7 potions of might
 k - 6 potions of haste {@q3}
 l - a potion of invisibility
 p - 3 potions of curing {@q1}
 t - a potion of mutation {!q}
 v - a potion of attraction {!q}
 C - 5 potions of cancellation
 E - 3 potions of degeneration {!q}
 T - a potion of brilliance
Miscellaneous
 P - a tin of tremorstones (2/2)
   (You found it in a bailey)

Dungeon Overview and Level Annotations

Branches:
Dungeon (11/15) Zot: 26588  Temple (1/1) D:5 Zot: 5917    Lair (0/5) D:11
 Bailey (visited)
    Orc: D:9-12

Altars:
Ashenzari
Cheibriados
Dithmenos
Elyvilon
Fedhas
Gozag
Hepliaklqana
Kikubaaqudgha
Makhleb
Nemelex Xobeh
Okawaru
Qazlal
Ru
Sif Muna
Trog
Uskayaw
Vehumet
Wu Jian
Xom
Yredelemnul
Zin
The Shining One

Shops:
D:1 *   D:7 [   D:9 !

Portals:
Abyss: D:4

Annotations:
D:4 2 transporters, initializr's ghost, weakling HODe
D:10 2 runed translucent doors, Borgoz's ghost, journeyman GrBe
D:11 Psyche

#.# #..##....[).......
#.# #<###........####.
#.###.# #........#
#..##.# #........#
##.##°###..........
####.##°..............
#......°.#....########
#......B...####
#......@..##
#........## #........#
#........# #........#
#........# ##########


You could see a boulder beetle (rolling).


Message History

You lost 1 mp, and now have 20/22 mp.
Casting: Foxfire (safe; 0% risk of failure)
Confirm with . or Enter, or press ? or * to list all spells.
You can't see any susceptible monsters within range! (Use Z to cast anyway.)
Casting: Foxfire (safe; 0% risk of failure)
Confirm with . or Enter, or press ? or * to list all spells.
You feel a strong surge of power!
You conjure some foxfire!
The foxfire hits the manticore.
The foxfire hits the manticore!
Casting: Foxfire (safe; 0% risk of failure)
Confirm with . or Enter, or press ? or * to list all spells.
You feel a strong surge of power!
Flames lash the manticore.
The manticore's fire resistance burns away.
The manticore bites you but does no damage.
The manticore completely misses you.
The manticore claws you but does no damage. 😎 MP[-1]
You lost 1 mp, and now have 19/22 mp.
Casting: Scorch (safe; 1% risk of failure)
Confirm with . or Enter, or press ? or * to list all spells.
You feel a strong surge of power!
Flames lash the manticore.
The manticore is burned terribly!
The manticore bites you. The manticore claws you.
The manticore claws you but does no damage.
The manticore bites you but does no damage.
The manticore claws you.
The manticore barely misses you. 😕 HP[-11] MP[-1]
You take 11 damage, and now have 53/64 hp.
You lost 1 mp, and now have 18/22 mp.
Casting: Scorch (safe; 1% risk of failure)
Confirm with . or Enter, or press ? or * to list all spells.
You feel a strong surge of power!
Flames lash the manticore.
The manticore is burned terribly!
You kill the manticore!
Vehumet accepts your kill.
You feel your power returning.
Your Fighting skill increases to level 6!
Your Evocations skill increases to level 3! 😕 MP[+3]
You regained 3 mp, and now have 21/22 mp.
Casting: Scorch (safe; 1% risk of failure)
Confirm with . or Enter, or press ? or * to list all spells.
You can't see any susceptible monsters within range! (Use Z to cast anyway.)
You start resting. 😕 HP[+1]
There is a stone staircase leading up here.
You see here a manticore corpse.
You start resting. 😕 HP[+1] MP[+1]
Your mp is fully restored (22).
Unknown command.
An orc comes into view. It is wielding a +0 whip. 😎 HP[+9]
Your hp is fully restored (64).
An orc is nearby!
An orc is nearby!
An orc is nearby!
Casting: Scorch (safe; 1% risk of failure)
Confirm with . or Enter, or press ? or * to list all spells.
You feel a strong surge of power!
You conjure some foxfire!
The orc shouts!
The foxfire hits the orc. 😎 MP[-1]
You lost 1 mp, and now have 21/22 mp.
Casting: Foxfire (safe; 0% risk of failure)
Confirm with . or Enter, or press ? or * to list all spells.
You feel a strong surge of power!
Flames lash the orc.
You kill the orc!
Vehumet accepts your kill.
You feel your power returning.
A boulder beetle comes into view.
A boulder beetle is nearby!
A boulder beetle is nearby! 😎 MP[+1]
Your mp is fully restored (22).
The boulder beetle curls into a ball and begins rolling!
There is a stone staircase leading up here.
You see here a manticore corpse.
Casting: Scorch (safe; 1% risk of failure)
Confirm with . or Enter, or press ? or * to list all spells.
You feel a strong surge of power!
Flames lash the boulder beetle.
The boulder beetle's fire resistance burns away.
The boulder beetle hits you!!!
Ouch! That really hurt!
* * * LOW HITPOINT WARNING * * *
The boulder beetle stops rolling and uncurls.
The boulder beetle misses you. 😨 HP[-43] MP[-1]
You take 43 damage, and now have 21/64 hp.
MASSIVE DAMAGE!! (PAUSE)
You lost 1 mp, and now have 21/22 mp.
Okay, then. 😨 MP[+1]
Your mp is fully restored (22).
The boulder beetle curls into a ball and begins rolling! 😨 HP[+1]
The boulder beetle is no longer more vulnerable to fire. 😨 HP[+1]
You feel much better. The boulder beetle hits you!!!
Ouch! That really hurt!
You die...

Skill      XL: |  1  2  3  4  5  6  7  8  9 10 11 |
---------------+----------------------------------+-----
Conjurations   | 2 3 4 10 11 12 13 | 13.7
Fire Magic     | 4 5 9 10 11 12 | 12.2
Spellcasting   | 3 5 6 7 |  7.1
Fighting       | 5 6 |  6.0
Axes           | 4 |  4.8
Evocations     | 3 |  3.0
Armour         | 3 |  3.3
Dodging        | 4 |  4.2
Staves         | |  0.9
Stealth        | |  2.0

Action                   |  1- 3 |  4- 6 |  7- 9 | 10-12 || total
-------------------------+-------+-------+-------+-------++-------
Melee: Whip              |     4 |       |       |       ||     4
       Hand axe          |       |       |    11 |    19 ||    30
       Peck              |       |       |     5 |    16 ||    21
       Kick              |       |       |     3 |    18 ||    21
       Staff             |       |       |       |    36 ||    36
 Cast: Foxfire           |    85 |    66 |   116 |   111 ||   378
       Scorch            |       |     6 |    50 |    55 ||   111
       Inner Flame       |       |       |     1 |     8 ||     9
       Flame Wave        |       |       |     5 |    18 ||    23
       Kindle Blastspark |       |       |       |    12 ||    12
  Use: Scroll            |     5 |     5 |    11 |     6 ||    27
       Potion            |       |     1 |       |     3 ||     4
Armor: Robe              |     3 |     1 |    24 |    63 ||    91
Dodge: Dodged            |    14 |     5 |    63 |   166 ||   248

Levels and vault maps discovered:
D:1:      amcnicky_arrival_double_pillar, layout_rooms, serial_shops,
          nicolae_shop_trees, hellmonk_ecumenical_altar_inner_sanctum
D:2:      layout_rooms
D:3:      layout_basic, mainiacjoe_overflow_brackets, dk_noncrumbling_3,
          kennysheep_generic_room_8
D:4:      layout_cave_pools, nicolae_overflow_crystal_walls,
          yredelemnul_altar_generic, gammafunk_ghost_abyssal_escape,
          minivault_19, st_stairs_14, feat_on_display, uniq_eustachio
D:5:      layout_gridville, grunt_dithmenos_smoke_and_mirrors, zin_scriptorium,
          minmay_temple_entry_arrows, fountainhead
D:6:      layout_rooms, vehumet_altar_wand_db
D:7:      layout_basic, serial_shops, shop_coins, amethyst_killhole,
          kennysheep_generic_room_4
D:8:      layout_loops_ring, marbit_many_paths, enter_bailey_3,
          serial_co_window_serial, co_window_of_opportunity_a,
          co_window_corner_a, co_window_cross_1, co_window_paths_a,
          co_window_corner_a, co_window_paths_a, co_window_corner_a,
          co_window_corner_a, co_window_paths_a, co_window_broadway_a,
          co_window_corner_b, co_window_corner_b, co_window_broadway_b,
          co_window_of_opportunity_b, co_window_sun, glass_columns_a,
          uniq_amaemon, uniq_prince_ribbit1
D:9:      layout_basic, serial_shops, shop_coins
D:10:     layout_long_grid, nicolae_wu_jian_immortal_techniques,
          muffindrake_ghost_dual_entry, nicolae_two_hexagons
D:11:     layout_rooms, lair_entry_dummy, david_orc_2,
          nicolae_trove_entry_path_of_doom, uniq_psyche
Temple:   nicolae_temple_great_sept

Notes
Turn   | Place    | Note
-------+----------+-------------------------------------------
     0 | D:1      | kae the Tengu Fire Elementalist began the quest for the
                  | Orb.
     0 | D:1      | Reached XP level 1. HP: 10/10 MP: 4/4
     0 | D:1      | magus.rc [v1.11.3]
     4 | D:1      | Found Jimp's Assorted Antiques.
   140 | D:1      | Reached skill level 2 in Conjurations
   140 | D:1      | Reached XP level 2. HP: 15/15 MP: 0/6
   198 | D:1      | Learned a level 2 spell: Scorch
   425 | D:1      | Reached XP level 3. HP: 12/19 MP: 1/7
   429 | D:1      | Learned a level 3 spell: Inner Flame
   654 | D:1      | Identified a scroll of acquirement
   654 | D:1      | Acquired 1093 gold pieces
   676 | D:1      | Bought a sedimented puce potion for 27 gold pieces
   676 | D:1      | Bought 2 brown potions for 54 gold pieces
   676 | D:1      | Bought a bubbling emerald potion for 27 gold pieces
   676 | D:1      | Bought a bubbling yellow potion for 27 gold pieces
   676 | D:1      | Bought 3 scrolls labelled JAOFIB RIRICU for 90 gold pieces
   676 | D:1      | Bought a sedimented puce potion for 27 gold pieces
   799 | D:1      | Reached skill level 4 in Fire Magic
   888 | D:1      | Found a faded altar of an unknown god.
  1089 | D:2      | Reached skill level 3 in Conjurations
  1235 | D:2      | Reached XP level 4. HP: 24/24 MP: 5/8
  1822 | D:3      | You fall into a shaft and drop 3 floors!
  1870 | D:6      | Noticed a kobold brigand
  2052 | D:6      | Noticed a scorpion
  2057 | D:6      | Killed a scorpion
  2058 | D:6      | Reached skill level 4 in Conjurations
  2058 | D:6      | Gained mutation: Your magical nature lets you fly swiftly
                  | and evasively. [Tengu growth]
  2058 | D:6      | Reached XP level 5. HP: 28/28 MP: 6/10
  2108 | D:5      | Entered Level 5 of the Dungeon
  2225 | D:5      | Found a glowing silver altar of Zin.
  2283 | D:5      | Reached skill level 3 in Spellcasting
  2283 | D:5      | Reached skill level 5 in Fire Magic
  2283 | D:5      | Reached XP level 6. HP: 32/32 MP: 7/11
  2315 | D:5      | Found a shadowy altar of Dithmenos.
  2474 | D:3      | Reached skill level 5 in Conjurations
  2573 | D:3      | Found a stormy altar of Qazlal.
  3388 | D:4      | Reached skill level 5 in Fighting
  3388 | D:4      | Reached skill level 5 in Spellcasting
  3388 | D:4      | Reached skill level 10 in Conjurations
  3388 | D:4      | Reached skill level 9 in Fire Magic
  3388 | D:4      | Reached XP level 7. HP: 44/44 MP: 11/16
  3567 | D:4      | Found a basalt altar of Yredelemnul.
  3942 | D:4      | Found a transporter.
  3990 | D:4      | Found a transporter.
  3990 | D:4      | Noticed a toenail golem
  3993 | D:4      | Found a one-way gate to the infinite horrors of the Abyss.
  3993 | D:4      | Noticed initializr's ghost (weakling HODe)
  4013 | D:4      | Found a shimmering blue altar of Sif Muna.
  4091 | D:4      | Noticed Eustachio
  4112 | D:4      | Killed Eustachio
  4113 | D:4      | Reached skill level 11 in Conjurations
  4113 | D:4      | Reached XP level 8. HP: 39/48 MP: 4/17
  4409 | D:5      | Found a staircase to the Ecumenical Temple.
  4415 | Temple   | Entered the Ecumenical Temple
  4609 | D:5      | Reached skill level 10 in Fire Magic
  4984 | D:5      | Learned a level 4 spell: Flame Wave
  4988 | D:5      | Learned a level 3 spell: Kindle Blastsparks
  5368 | D:6      | Found a radiant altar of Vehumet.
  5377 | D:6      | Became a worshipper of Vehumet
  5491 | D:7      | Found Zeunepa's Armour Emporium.
  5504 | D:7      | Bought the +4 robe of Folly {Brilliance Will-∞ Int+8} for
                  | 534 gold pieces
  5504 | D:7      | Found the +4 robe of Folly {Brilliance Will-∞ Int+8}
  5713 | D:7      | Reached skill level 6 in Spellcasting
  5713 | D:7      | Reached XP level 9. HP: 54/54 MP: 13/19
  6068 | D:7      | Reached * piety under Vehumet
  6068 | D:7      | Offered knowledge of Freeze by Vehumet.
  6162 | D:7      | Reached skill level 12 in Conjurations
  6458 | D:8      | Noticed a kobold demonologist
  6461 | D:8      | Killed a kobold demonologist
  6462 | D:8      | Reached skill level 11 in Fire Magic
  6522 | D:8      | Noticed Prince Ribbit
  6529 | D:8      | Killed Prince Ribbit
  6530 | D:8      | Reached XP level 10. HP: 58/59 MP: 16/20
  6589 | D:8      | Found a flagged portal.
  6597 | Bailey   | Entered a bailey
  6752 | Bailey   | Reached ** piety under Vehumet
  6752 | Bailey   | Offered knowledge of Static Discharge by Vehumet.
  6943 | Bailey   | Reached skill level 13 in Conjurations
  7098 | Bailey   | Noticed an orc warlord
  7420 | Bailey   | Killed an orc warlord
  7576 | D:8      | Acquired a staff of fire
  7987 | D:8      | Reached skill level 7 in Spellcasting
  8176 | D:8      | Noticed Amaemon
  8256 | D:8      | Noticed an orange demon
  8258 | D:8      | Reached skill level 12 in Fire Magic
  8266 | D:8      | Killed an orange demon
  8272 | D:8      | Killed Amaemon
  8272 | D:8      | HP: 13/59 [poisoned by Amaemon]
  8654 | D:8      | Reached XP level 11. HP: 63/63 MP: 19/22
  8775 | D:8      | Found a broken altar of Ashenzari.
  9128 | D:9      | You pick up a book of Storms and begin reading...
  9128 | D:9      | You add the spells Airstrike, Summon Lightning Spire and
                  | Lightning Bolt to your library.
  9283 | D:9      | Offered knowledge of Dazzling Flash by Vehumet.
  9385 | D:9      | HP: 12/63 [yak (12)]
  9387 | D:9      | Reached skill level 1 in Axes
  9587 | D:9      | Found Kacuegod's Distillery.
  9606 | D:9      | Bought a potion of brilliance for 56 gold pieces
  9628 | D:9      | Reached *** piety under Vehumet
  9654 | D:9      | Reached skill level 1 in Evocations
  9658 | D:9      | Reached skill level 1 in Armour
  9662 | D:9      | Identified the +1 cloak of Paranoia {Harm rPois Str-4 Dex+2
                  | Stlth+}
  9933 | D:10     | Entered Level 10 of the Dungeon
  9948 | D:10     | Reached skill level 2 in Axes
 10010 | D:10     | Found a runed translucent door.
 10012 | D:10     | Noticed a skeletal warrior
 10015 | D:10     | Noticed a skeletal warrior
 10015 | D:10     | Noticed a deep elf knight
 10016 | D:10     | Noticed a cyclops
 10016 | D:10     | Noticed a deep troll
 10016 | D:10     | Noticed a necromancer
 10016 | D:10     | Noticed a skeletal warrior
 10017 | D:10     | Noticed a lich
 10021 | D:10     | Noticed Borgoz's ghost (journeyman GrBe)
 10024 | D:10     | Found a runed translucent door.
 10162 | D:10     | Offered knowledge of Fulminant Prism by Vehumet.
 10163 | D:10     | Reached skill level 3 in Dodging
 10166 | D:10     | Reached skill level 3 in Axes
 10166 | D:10     | Reached skill level 2 in Armour
 10179 | D:10     | Reached skill level 2 in Evocations
 10536 | D:10     | Found an ornate altar of the Wu Jian Council.
 10642 | D:10     | Noticed a two-headed ogre
 10645 | D:10     | Reached skill level 4 in Axes
 10677 | D:10     | Killed a two-headed ogre
 10695 | D:10     | You pick up a book of Party Tricks and begin reading...
 10695 | D:10     | You add the spells Apportation and Alistair's Intoxication
                  | to your library.
 10919 | D:10     | Reached skill level 3 in Armour
 10919 | D:10     | Reached skill level 4 in Dodging
 11126 | D:11     | Found a staircase to the Lair.
 11136 | D:11     | Noticed a manticore
 11136 | D:11     | Noticed Psyche
 11285 | D:11     | Noticed a skeletal warrior
 11285 | D:11     | Noticed a skeletal warrior
 11356 | D:11     | Killed a manticore
 11357 | D:11     | Reached skill level 6 in Fighting
 11357 | D:11     | Reached skill level 3 in Evocations
 11438 | D:11     | Noticed a boulder beetle
 11462 | D:11     | Slain by a boulder beetle

Vanquished Creatures
  An orc warlord (Bailey)
  A two-headed ogre (D:10)
  Amaemon (D:8)
  A manticore (D:11)
  An orange demon (D:8)
  A kobold demonologist (D:8)
  An unseen horror (D:10)
  A troll (D:10)
  Prince Ribbit (D:8)
  2 wraiths (D:10)
  A wyvern (D:10)
  15 yaks
  Eustachio (D:4)
  A water moccasin (D:7)
  A black bear (D:7)
  12 orc warriors
  2 ice beasts
  7 centaurs
  8 kobold brigands
  2 bullfrogs
  2 scorpions
  2 necrophages
  12 wights
  10 killer bees
  A howler monkey (D:8)
  2 hounds
  3 orc priests (D:8)
  2 gnoll boudas
  3 iguanas
  4 orc wizards
  8 adders
  21 gnolls
  A white imp (D:5)
  An ufetubus (D:4)
  2 worms
  5 dart slugs
  36 orcs
  4 endoplasms
  2 giant cockroaches (D:3)
  26 goblins
  22 hobgoblins
  3 jackals (D:4)
  23 kobolds
  2 quokkas (D:3)
  8 ball pythons
  10 bats
  4 frilled lizards
  3 rats
283 creatures vanquished.

Vanquished Creatures (others)
  645 foxfires
  A withered plant (D:4)
646 creatures vanquished.

Grand Total: 929 creatures vanquished

Table legend:
 A = Non-vault XP
 B = Vault XP
 C = Vault XP percentage of total XP
 D = Non-vault monster count
 E = Vault monster count
 F = Vault count percentage of total count
                 A         B        C        D         E       F
            +---------+---------+-------+---------+---------+-------
      Total |   11534 |    4349 |  27.4 |     222 |      61 |  21.6
            +---------+---------+-------+---------+---------+-------
        D:1 |      52 |       0 |   0.0 |      28 |       0 |   0.0
        D:2 |      42 |       0 |   0.0 |      17 |       0 |   0.0
        D:3 |      70 |       2 |   2.8 |      16 |       1 |   5.9
        D:4 |     232 |     205 |  46.9 |      25 |       2 |   7.4
        D:5 |     490 |       0 |   0.0 |      15 |       0 |   0.0
        D:6 |     531 |       2 |   0.4 |      14 |       1 |   6.7
        D:7 |    1490 |      90 |   5.7 |      27 |       1 |   3.6
        D:8 |    1601 |    1462 |  47.7 |      31 |       8 |  20.5
        D:9 |    1216 |       0 |   0.0 |      21 |       0 |   0.0
       D:10 |    4893 |       0 |   0.0 |      25 |       0 |   0.0
       D:11 |     917 |       3 |   0.3 |       3 |       1 |  25.0
     Bailey |       0 |    2585 | 100.0 |       0 |      47 | 100.0
            +---------+---------+-------+---------+---------+-------

Illustrated notes

Table legend:
 A = Kills in this place as a percentage of kills in entire the game.
 B = Kills by you in this place as a percentage of kills by you in the entire game.
 C = Kills by friends in this place as a percentage of kills by friends in the entire game.
 D = Other kills in this place as a percentage of other kills in the entire game.
 E = Experience gained in this place as a percentage of experience gained in the entire game.
 F = Experience gained in this place divided by the number of levels of this place that you have seen.
                   A       B       C       D       E      F
               +-------+-------+-------+-------+-------+----------------------
         Total | 100.0 | 100.0 |   N/A |   N/A | 100.0 | 1221.8
       Dungeon |  83.4 |  83.4 |   N/A |   N/A |  83.7 | 1208.9
        Bailey |  16.6 |  16.6 |   N/A |   N/A |  16.3 | 2585.0
               +-------+-------+-------+-------+-------+----------------------

Table legend: (Time is in decaauts)
 A = Elapsed time spent in this place.
 B = Non-inter-level travel time spent in this place.
 C = Inter-level travel time spent in this place.
 D = Time resting spent in this place.
 E = Time spent auto-exploring this place.
 F = Levels seen in this place.
 G = Mean time per level.
                   A        B        C        D        E       F      G
               +--------+--------+--------+--------+--------+-----+--------+
         Total |  10897 |  10529 |    368 |    244 |   8055 |  13 |  838.2 |
       Dungeon |   9884 |   9529 |    355 |    207 |   7589 |  11 |  898.5 |
        Temple |     82 |     70 |     12 |      0 |     62 |   1 |   82.0 |
        Bailey |    930 |    930 |      0 |     37 |    403 |   1 |  930.0 |
               +--------+--------+--------+--------+--------+-----+--------+

Top non-repeatable levels by time:
     D:8: 1532 daAuts
    D:10: 1023 daAuts
     D:5: 946 daAuts
  Bailey: 930 daAuts
     D:1: 917 daAuts
     D:7: 898 daAuts
     D:4: 885 daAuts
     D:2: 878 daAuts
     D:3: 877 daAuts
     D:9: 850 daAuts
     D:6: 663 daAuts
    D:11: 410 daAuts
  Temple: 82 daAuts
